 Dungeon Crawl Stone Soup version 0.30-a0-1160-g6e42c06551 (webtiles) character file.

Game seed: 12133687927831689572

9 GordonOverkill the Sneak (level 2, -13/24 HPs)
             Began as a Mummy Delver on Apr 25, 2023.
             Mangled by a shadow (23 damage)
             ... on level 5 of the Dungeon.
             The game lasted 00:03:52 (529 turns).

GordonOverkill the Sneak (Mummy Delver)              Turns: 529, Time: 00:03:53

Health: -13/24     AC:  4    Str: 15    XL:     2   Next: 6%
Magic:  2/2        EV: 11    Int:  9    God:
Gold:   44         SH:  0    Dex: 13    Spells: 1/1 levels left

rFire   x . .        h - +0 arbalest
rCold   + . .        (shield currently unavailable)
rNeg    + + +        b - +0 leather armour
rPois   ∞            (no helmet)
rElec   .            (no cloak)
rCorr   .            (no gloves)
SInv    .            j - +0 pair of boots
Will    .....        (no amulet)
Stlth   ++           (no ring)
HPRegen 0.24/turn    (no ring)
MPRegen 0.08/turn

%: faith
@: no status effects
A: cold resistance 1, negative energy resistance 3, torment resistance 2, heat
vulnerability 1, no potions, faith
a: no special abilities


You were on level 5 of the Dungeon.
You visited 1 branch of the dungeon, and saw 3 of its levels.

You collected 44 gold pieces.

Inventory:

Hand Weapons
 a - a +0 spear
 h - a +0 arbalest (weapon)
 i - a +0 long sword of pain
Armour
 b - a +0 leather armour (worn)
 j - a +0 pair of boots (worn)
Wands
 f - a wand of digging (3)
Scrolls
 c - a scroll of fog
 d - a scroll of magic mapping


   Skills:
 - Level 3.0 Fighting
 - Level 1.5 Polearms
 + Level 1.1 Ranged Weapons
 - Level 1.5 Dodging
 - Level 4.2 Stealth


You had one spell level left.
You didn't know any spells.
Your spell library contained the following spells:

 Spells                   Type           Power      Damage    Failure   Level
 Ozocubu's Armour         Ice            0%         N/A       83%         3
 Ozocubu's Refrigeration  Ice            0%         4d7       100%        7


Dungeon Overview and Level Annotations

Branches:
Dungeon (7/15)
 Temple: D:4-7

Altars:

Annotations:
D:5 exclusions: adder and shadow
D:6 Sigmund


Innate Abilities, Weirdness & Mutations

You are immune to poison.
Your flesh is cold resistant. (rC+)
You are immune to negative energy. (rN+++)
You are immune to unholy pain and torment.
You are vulnerable to heat. (rF-)
You do not drink.
You have a special connection with the divine. (Faith)


Message History

You assume a fearsome visage.
The hound looks frightened!
There is a stone staircase leading up here.
You climb upwards.
The scorpion misses you.
Found a stone staircase leading up.
There is a stone staircase leading down here.
As you read the scroll labelled OKHLOICKAONN, it crumbles to dust.
You feel strangely unstable.
It was a scroll of teleportation.
The scorpion stings you but does no damage.
The scorpion misses you.
Your surroundings suddenly seem different.
You start resting.
HP restored.
A shadow comes into view.
An adder comes into view.
Unknown command.
Really walk into a travel-excluded area?
Unknown command.
A shadow is nearby!
Unknown command.
Unknown command.
Really walk into a travel-excluded area?
The shadow slips into darkness.
The shadow flickers and vanishes!
Deactivating autopickup; reactivate with Ctrl-A.
The shadow strikes at you from the darkness!
Ouch! That really hurt!
* * * LOW HITPOINT WARNING * * *
Reactivating autopickup.
You can't drink.
Fire: h) +0 arbalest
Press: ? - help, Q - select action Shift-Dir - straight line, f - shadow
Aim: a shadow (50% to hit)
You shoot a bolt. The bolt hits the shadow.
The shadow is moderately damaged.
The shadow slips into darkness.
The shadow flickers and vanishes!
Deactivating autopickup; reactivate with Ctrl-A.
The shadow strikes at you from the darkness!
Ouch! That really hurt!
You die...

....#.#.>......####.....
#...W...
...........##.......####
#.#####W
.....######..........##
#.##.... ...#.
.#.#.......## #.##.##.
...#. #..........#
#.##.##. ..
#..........###.......
#.........##.....###
#.###...........#####
#.....@{...######
#######...## #####


There were no monsters in sight!

Vanquished Creatures
  An ufetubus (D:7)
  2 orcs
3 creatures vanquished.

Vanquished Creatures (others)
  6 plants (D:7)
6 creatures vanquished.

Grand Total: 9 creatures vanquished

Notes
Turn   | Place    | Note
-------+----------+-------------------------------------------
     0 | D:5      | GordonOverkill the Mummy Delver began the quest for the
                  | Orb.
     0 | D:5      | Reached XP level 1. HP: 18/18 MP: 1/1
   236 | D:7      | Noticed an orc warrior
   236 | D:7      | Noticed a sky beast
   277 | D:7      | Noticed a water moccasin
   288 | D:6      | Noticed Sigmund
   362 | D:7      | Reached skill level 1 in Ranged Weapons
   362 | D:7      | Reached XP level 2. HP: 11/24 MP: 2/2
   447 | D:5      | Noticed a scorpion
   447 | D:5      | Noticed a scorpion
   501 | D:5      | Noticed a shadow
   529 | D:5      | Mangled by a shadow

Illustrated notes

Levels and vault maps discovered:
D:5:      lemuel_ratsnest, layout_loops_cross, makhleb_altar_promises_db
D:6:      layout_loops_ring, uniq_sigmund, uniq_duvessa
D:7:      layout_rooms, mainiacjoe_overflow_alcove_4,
          minmay_temple_entry_gardened_gates, minmay_misc_feat_diagonals

Skill      XL: |  1 |
---------------+----+-----
Ranged Weapons | 1 |  1.1
Fighting       | |  3.0
Polearms       | |  1.5
Dodging        | |  1.5
Stealth        | |  4.2

Action                     || total
---------------------------++-------
   Fire: Arbalest          ||    15
    Use: Scroll            ||     2
 Armour: Leather armour    ||     5
  Dodge: Dodged            ||    18

Table legend: (Time is in decaauts)
 A = Elapsed time spent in this place.
 B = Non-inter-level travel time spent in this place.
 C = Inter-level travel time spent in this place.
 D = Time resting spent in this place.
 E = Time spent auto-exploring this place.
 F = Levels seen in this place.
 G = Mean time per level.
                   A        B        C        D        E       F      G
               +--------+--------+--------+--------+--------+-----+--------+
         Total |    540 |    540 |      0 |    217 |      0 |   3 |  180.0 |
       Dungeon |    540 |    540 |      0 |    217 |      0 |   3 |  180.0 |
               +--------+--------+--------+--------+--------+-----+--------+

Top non-repeatable levels by time:
     D:7: 244 daAuts
     D:6: 166 daAuts
     D:5: 129 daAuts
